 Dungeon Crawl Stone Soup version 0.12.2-14-g7c90c79 (webtiles) character file.

110 MarVin the Skirmisher (level 3, 30/30 HPs)
             Began as a Demonspawn Fighter on Aug 5, 2013.
             Quit the game on Level 2 of the Dungeon.
             The game lasted 00:01:49 (909 turns).

MarVin the Skirmisher (Demonspawn Fighter)           Turns: 909, Time: 00:01:49

HP  30/30        AC 10     Str 17      XL: 3   Next:  1%
MP   2/2         EV  5     Int  9      God:
Gold 81          SH 18     Dex 12      Spells:  0 memorised,  2 levels left

Res.Fire  : . . .   See Invis. : .   a - +0 hand axe {=f}
Res.Cold  : . . .   Warding    : .   b - +0 scale mail
Life Prot.: . . .   Conserve   : .   c - +0 shield
Res.Poison: .       Res.Corr.  : .   (no helmet)
Res.Elec. : .       Clarity    : .   (no cloak)
Sust.Abil.: . .     Spirit.Shd : .   (no gloves)
Res.Mut.  : .       Stasis     : .   (no boots)
Res.Rott. : .       Ctrl.Telep.: .   (no amulet)
Saprovore : . . .   Flight     : .   (no ring)
                                     (no ring)

@: not resistant to hostile enchantments, extremely unstealthy
A: powered by pain 1, AC +4
a: no special abilities


You were on level 2 of the Dungeon.
You were not hungry.

You visited 1 branch of the dungeon, and saw 2 of its levels.

You collected 61 gold pieces.

Inventory:

Hand weapons
 a - a +0,+0 hand axe (weapon) {=f}
Armour
 b - a +0 scale mail (worn)
 c - a +0 shield (worn)
Comestibles
 d - a bread ration
 i - 2 pears
Scrolls
 e - 6 scrolls of magic mapping {unknown}
 f - a scroll of noise {unknown}
 k - 3 scrolls of remove curse {unknown}
 m - a scroll of teleportation {unknown}
 q - a scroll of fog {unknown}
Potions
 g - a potion of cure mutation {unknown}
 h - a potion of agility {unknown}
 j - 2 potions of might {unknown}
 l - a potion of paralysis {unknown}
 n - a potion of heal wounds {unknown}
 o - a potion of magic {unknown}
 p - a potion of invisibility {unknown}


   Skills:
 - Level 3.1 Fighting
 + Level 2.2 Axes
 + Level 3.1 Armour
 - Level 0.3 Dodging
 - Level 3.0 Shields


You had 2 spell levels left.
You didn't know any spells.

Dungeon Overview and Level Annotations

Branches:
Dungeon (2/27)

Altars:


Innate Abilities, Weirdness & Mutations

You are partially covered in iridescent scales (AC +4).
You sometimes gain a little power by taking damage.


Message History

p - an oily orange potion
k - 3 scrolls labeled SMEVVI PRUAX (gained 1)
q - a scroll labeled KLAMI DUCISI
There is a stone staircase leading down here.
e - 6 scrolls labeled JEAPLI SHYIGO (gained 1)
i - 2 pears (gained 1)
You see here a mace.
A ball python comes into view.
A ball python is nearby!
You hit the ball python.
The ball python is moderately wounded.
The ball python barely misses you. The ball python completely misses you.
You hit the ball python.
You kill the ball python!
You have reached level 3!
Your experience leads to an increase in your attributes!
Increase (S)trength, (I)ntelligence, or (D)exterity?
You feel stronger.
Your demonic ancestry asserts itself...
You feel energised by your suffering.
Are you sure you want to abandon this character and quit the game? (Confirm with "yes".)

#.#.......#.##.# #...#
#.#.####.......# ##.####
#.#.#####.#.#### #.#..
#.............#######.#.#
###.#####.#.#.........#.####
#.#####.#.#########......#
#.......#.# ###.#.##..
#########.## #.....####
#.@.# #.#.#..... #.%.#
#.#.....## #...# #.......#
#.... #..##.#.# #...##
#.....#.# ..... ##.#....#
..... ....##.# ....... .#.
#.# ... . ..#


There were no monsters in sight!

Vanquished Creatures
  A giant mite (D:1)
  2 ball pythons
  A giant cockroach (D:1)
  3 goblins
  4 hobgoblins (D:1)
  4 bats
  3 kobolds (D:1)
  A rat (D:1)
19 creatures vanquished.

Notes
Turn   | Place    | Note
--------------------------------------------------------------
     0 | D:1      | MarVin, the Demonspawn Fighter, began the quest for the Orb.
     0 | D:1      | Reached XP level 1. HP: 18/18 MP: 0/0
   190 | D:1      | Gained mutation: You are partially covered in iridescent scales (AC +4). [demonic ancestry]
   190 | D:1      | Reached XP level 2. HP: 16/24 MP: 1/1
   908 | D:2      | Gained mutation: You sometimes gain a little power by taking damage. [demonic ancestry]
   908 | D:2      | Reached XP level 3. HP: 30/30 MP: 2/2
   909 | D:2      | Quit the game

Action                   || total
-------------------------++-------
Melee: Hand axe          ||    82
